 Dungeon Crawl Stone Soup version 0.19.4 (webtiles) character file.

736 vatarom the Skirmisher (level 7, 0/39 HPs)
             Began as a Vine Stalker Assassin on Feb 5, 2017.
             Slain by an ice beast (8 damage)
             ... on level 5 of the Dungeon.
             The game lasted 00:09:18 (3465 turns).

vatarom the Skirmisher (Vine Stalker Assassin)      Turns: 3465, Time: 00:09:19

Health: 0/39       AC:  4    Str: 14    XL:     7   Next: 74%
Magic:  0/8        EV: 15    Int: 11    God:
Gold:   227        SH:  0    Dex: 17    Spells: 0 memorised, 6 levels left

rFire  . . .     SeeInvis .     j - +3 dagger (venom)
rCold  . . .     Gourm    .     c - +0 robe
rNeg   . . .     Faith    .     (no shield)
rPois  .         Spirit   +     (no helmet)
rElec  .         Reflect  .     d - +1 cloak
rCorr  +         Harm     .     (no gloves)
MR     .....                    (no boots)
Stlth  +++.......               (no amulet)
                                (no ring)
                                o - ring of resist corrosion

@: no status effects
A: fangs 2, regeneration 1, magic shield, antimagic bite, no device heal 3, rot
immunity
a: no special abilities


You were on level 5 of the Dungeon.
You were not hungry.

You visited 2 branches of the dungeon, and saw 6 of its levels.

You collected 227 gold pieces.

Inventory:

Hand Weapons
 b - a +0 blowgun
 j - a +3 dagger of venom (weapon)
 l - a +1 short sword of venom
Missiles
 e - 8 poisoned needles
 f - 2 curare-tipped needles
 t - 7 needles of sleeping
Armour
 c - a +0 robe (worn)
 d - a +1 cloak (worn)
Jewellery
 o - a ring of resist corrosion (left hand)
Scrolls
 a - 4 scrolls of identify
 g - 2 scrolls of teleportation
 h - a scroll of recharging
 k - a scroll of enchant armour
 m - a scroll of remove curse
 r - a scroll of amnesia
Potions
 i - 2 potions of curing
 s - 3 potions of flight
 u - a potion of haste
 v - a potion of might {unknown}
Comestibles
 p - a meat ration
 q - a slice of pizza


   Skills:
 + Level 5.5 Fighting
 - Level 1.7 Short Blades
 - Level 1.7 Throwing
 + Level 4.8 Dodging
 - Level 4.8 Stealth


You had 6 spell levels left.
You didn't know any spells.

Dungeon Overview and Level Annotations

Branches:
Dungeon (5/15)             Temple (1/1) D:4

Altars:
Ashenzari
Elyvilon
Gozag
Okawaru
Ru
Trog
Vehumet
Xom
Yredelemnul
Zin

Annotations:
D:4 Azzok's ghost, amateur MiBe


Innate Abilities, Weirdness & Mutations

You have extremely sharp teeth.
Your natural rate of healing is unusually fast.
When hurt, damage is shared between your health and your magic reserves.
Your bite disrupts and absorbs the magic of your enemies.
Potions and wands cannot restore your health.
You are immune to rotting.


Message History

You barely miss the ice beast.
You bite the ice beast, but do no damage.
The ice beast is severely wounded.
The ice beast misses you.
You barely miss the ice beast.
You bite the ice beast, but do no damage.
The ice beast is severely wounded.
The ice beast hits you. The ice beast freezes you!
* * * LOW HITPOINT WARNING * * *
You closely miss the ice beast.
You bite the ice beast, but do no damage.
The ice beast is severely wounded.
You hit the ice beast.
The ice beast is severely wounded.
The ice beast hits you but does no damage.
There is a large open door here.
The ice beast hits you.
* * * LOW HITPOINT WARNING * * *
The ice beast freezes you!
You die...

....# #+# #..## #.#
#...# #.# #.#.# #.#
#.#........ #.#
#.##..../..
#########.###.#
...####
.......<#...#Y# #..#
..........†.@'###..#
.....###........#..#
.... #........+...
... #........# ..
#........# .
#........#
....####### .....
.####


You could see an ice beast.

Vanquished Creatures
  An orc warrior (D:3)
  A phantom (D:4)
  A scorpion (D:4)
  A howler monkey (D:4)
  A bullfrog zombie (D:4)
  2 hounds
  5 orc wizards
  Ijyb (D:3)
  Natasha (thrice) (D:3)
  A mummy (D:4)
  2 adders
  2 oozes
  An adder skeleton (D:4)
  A dart slug (D:1)
  6 leopard geckos
  6 orcs
  4 giant cockroaches
  5 goblins
  8 hobgoblins
  8 jackals
  8 kobolds
  3 quokkas
  A ball python (D:2)
  5 bats
  5 frilled lizards
  3 kobold zombies (D:4)
  An orc zombie (D:4)
  6 rats
92 creatures vanquished.

Notes
Turn   | Place    | Note
-------+----------+-------------------------------------------
     0 | D:1      | vatarom the Vine Stalker Assassin began the quest for the Orb.
     0 | D:1      | Reached XP level 1. HP: 11/11 MP: 2/2
   154 | D:1      | Reached skill level 1 in Dodging
   270 | D:1      | Reached skill level 2 in Fighting
   314 | D:1      | Reached XP level 2. HP: 12/15 MP: 3/3
   912 | D:2      | Reached XP level 3. HP: 18/19 MP: 4/4
  1661 | D:3      | Noticed an orc warrior
  1813 | D:3      | Killed an orc warrior
  1813 | D:3      | Reached skill level 3 in Fighting
  1813 | D:3      | Gained mutation: Your natural rate of healing is unusually fast. [Vine Stalker growth]
  1813 | D:3      | Reached XP level 4. HP: 13/25 MP: 1/5
  1813 | D:3      | Reached XP level 5. HP: 14/28 MP: 1/6
  1881 | D:3      | Noticed Ijyb
  1901 | D:3      | Killed Ijyb
  1955 | D:3      | Reached skill level 4 in Fighting
  1974 | D:3      | Reached XP level 6. HP: 29/33 MP: 5/7
  2119 | D:3      | Noticed Natasha
  2127 | D:3      | Killed Natasha
  2334 | D:3      | Noticed Natasha
  2341 | D:3      | Killed Natasha
  2378 | D:3      | Noticed Natasha
  2388 | D:3      | Killed Natasha
  2445 | D:4      | Found a staircase to the Ecumenical Temple.
  2459 | Temple   | Entered the Ecumenical Temple
  2602 | D:4      | Reached XP level 7. HP: 34/38 MP: 8/8
  2622 | D:4      | Reached skill level 5 in Fighting
  2817 | D:4      | Found a white marble altar of Elyvilon.
  2892 | D:4      | Noticed Azzok's ghost (amateur MiBe)
  3429 | D:5      | Entered Level 5 of the Dungeon
  3465 | D:5      | Slain by an ice beast

Skill      XL: |  1  2  3  4  5  6  7 |
---------------+----------------------+-----
Dodging        | 1 2 3 4 |  4.8
Fighting       | 2 3 4 5 |  5.5
Short Blades   | |  1.7
Throwing       | |  1.7
Stealth        | |  4.8

Action                   |  1- 3 |  4- 6 |  7- 9 || total
-------------------------+-------+-------+-------++-------
Melee: Dagger            |   109 |    91 |   113 ||   313
       Bite              |    23 |    32 |    37 ||    92
       Short sword       |     4 |       |       ||     4
 Fire: Blowgun           |     3 |     4 |       ||     7
  Use: Scroll            |    12 |       |     2 ||    14
       Potion            |     2 |     1 |     1 ||     4
 Stab: Sleeping          |    14 |       |     4 ||    18
  Eat: Bread ration      |     1 |       |       ||     1
       Pizza             |     1 |       |       ||     1
       Meat ration       |       |       |     1 ||     1
       Chunk             |       |       |     1 ||     1
Armor: Robe              |    29 |    14 |    15 ||    58
Dodge: Dodged            |    54 |    52 |    62 ||   168
